 Dungeon Crawl Stone Soup version 0.17.2-1-ge4368a0 (webtiles) character file.

91 Charly the Insei (level 4, -2/21 HPs)
             Began as a Vine Stalker Transmuter on July 9, 2017.
             Succumbed to poison (a potion of poison)
             ... on level 4 of the Dungeon.
             The game lasted 00:05:23 (319 turns).

Charly the Insei (Vine Stalker Transmuter)           Turns: 319, Time: 00:05:23

Health: -2/21      AC:  2    Str: 13    XL:     4   Next: 57%
Magic:  0/8        EV: 12    Int: 14    God:
Gold:   34         SH:  0    Dex: 14    Spells: 3 memorised, 1 level left

rFire  + . .     SeeInvis .       - Unarmed
rCold  . . .     Clarity  .     b - +0 robe
rNeg   . . .     SustAt   .     (no shield)
rPois  .         Gourm    .     (no helmet)
rElec  .         Spirit   +     (no cloak)
rCorr  .         Warding  .     (no gloves)
rMut   .         Stasis   .     (no boots)
MR     .....                    (no amulet)
Stlth  +.........               (no ring)
                                j - ring of protection from fire

@: lethally poisoned (-2 -> -27), not resistant to hostile enchantments, very
unstealthy
A: fangs 2, regeneration 1, magic shield, antimagic bite, no device heal 3, rot
immunity
a: no special abilities


You were on level 4 of the Dungeon.
You were not hungry.

You visited 1 branch of the dungeon, and saw 4 of its levels.

You collected 34 gold pieces.

Inventory:

Missiles
 a - 51 arrows
Armour
 b - a +0 robe (worn)
Jewellery
 j - a ring of protection from fire (left hand)
Scrolls
 e - 2 scrolls of remove curse {unknown}
 f - 2 scrolls of identify {unknown}
Potions
 h - a potion of invisibility {unknown}
 k - a potion of curing {unknown}
Books
 c - a book of Changes

   Spells                             Type                      Level
   a - Beastly Appendage              Transmutation                1
   b - Sticks to Snakes               Transmutation                2
   c - Spider Form                    Transmutation/Poison         3
   d - Ice Form                       Ice/Transmutation            4
   e - Blade Hands                    Transmutation                5
 i - a book of Transfigurations

   Spells                             Type                      Level
   a - Stoneskin                      Transmutation/Earth          2
   b - Irradiate                      Conjuration/Transmutation    5
   c - Statue Form                    Transmutation/Earth          6
   d - Hydra Form                     Transmutation                6
   e - Dragon Form                    Transmutation                7
Comestibles
 d - 2 bread rations


   Skills:
 - Level 0.8 Fighting
 - Level 1.5 Dodging
 - Level 4.4 Unarmed Combat
 - Level 2.1 Spellcasting
 + Level 2.7 Transmutations
 + Level 1.4 Poison Magic


You had one spell level left.
You knew the following spells:

 Your Spells              Type           Power        Failure   Level  Hunger
a - Beastly Appendage     Trmt           #.....       10%         1    #......
s - Sticks to Snakes      Trmt           #.........   14%         2    ###....
S - Spider Form           Trmt/Pois      #.........   30%         3    ###....


Dungeon Overview and Level Annotations

Branches:
Dungeon (4/15)
 Temple: D:4-7

Altars:


Innate Abilities, Weirdness & Mutations

You have extremely sharp teeth.
Your natural rate of healing is unusually fast.
When hurt, damage is shared between your health and your magic reserves.
Your bite disrupts and absorbs the magic of your enemies.
Potions and wands cannot restore your health.
You are immune to rotting.


Message History

Unknown command.
Unknown command.
You hit the worker ant.
You bite the worker ant, but do no damage.
The worker ant is severely wounded.
You feel sick. The worker ant bites you!
* * * LOW HITPOINT WARNING * * *
Your adder bites the worker ant but does no damage.
Unknown command.
Unknown command.
The worker ant bites you.
* * * LOW HITPOINT WARNING * * *
You are more poisoned.
The worker ant poisons you!
Your adder closely misses the worker ant.
Unknown command.
Drink which item? (? for menu, Esc to quit)
It was a potion of poison.
That liquid tasted very nasty...
You are more poisoned.
You die...

... ..### .!....
...... # #....##
#. #####.......
#.. #.......#.#.
#...###.#.........
.......@aS...().#.
.........S..>.....
..........(...#.#.
....#.#.#.#.>.....
... #.#...........
.. #.######.##.##
. . .# .# . ..


You could see a worker ant and 2 friendly adders.

Vanquished Creatures
  Jessica (D:3)
  A giant gecko (D:1)
  3 kobolds
  A bat (D:3)
  2 rats (D:1)
8 creatures vanquished.

Vanquished Creatures (collateral kills)
  An ogre (D:4)
  An adder (D:3)
  A worm (D:3)
  A jackal skeleton (D:4)
4 creatures vanquished.

Grand Total: 12 creatures vanquished

Notes
Turn   | Place    | Note
--------------------------------------------------------------
     0 | D:1      | Charly the Vine Stalker Transmuter began the quest for the Orb.
     0 | D:1      | Reached XP level 1. HP: 9/9 MP: 4/4
   146 | D:3      | Reached XP level 2. HP: 14/14 MP: 6/6
   150 | D:3      | Learned a level 2 spell: Sticks to Snakes
   267 | D:3      | Noticed Jessica
   274 | D:3      | Killed Jessica
   274 | D:3      | Reached skill level 4 in Unarmed Combat
   274 | D:3      | Reached XP level 3. HP: 6/17 MP: 3/7
   280 | D:3      | Learned a level 3 spell: Spider Form
   302 | D:4      | Noticed an ogre
   315 | D:4      | Killed an ogre
   315 | D:4      | Reached skill level 1 in Poison Magic
   315 | D:4      | Reached XP level 4. HP: 21/21 MP: 1/8
   318 | D:4      | HP: 1/21 [worker ant (5)]
   319 | D:4      | Succumbed to poison (a potion of poison)

Action                   |  1- 3 |  4- 6 || total
-------------------------+-------+-------++-------
Melee: Unarmed           |    27 |     2 ||    29
 Cast: Beastly Appendage |     1 |       ||     1
       Sticks to Snakes  |     7 |       ||     7
  Use: Potion            |       |     1 ||     1
